 Dungeon Crawl Stone Soup version 0.22-a0-231-g1b571ea (webtiles) character file.

352 scanevaro the Ruffian (level 6, -9/61 HPs)
             Began as a Troll Monk on Feb 20, 2018.
             Killed from afar by Dowan (12 damage)
             ... with a puff of frost
             ... on level 4 of the Dungeon.
             The game lasted 00:07:42 (2105 turns).

scanevaro the Ruffian (Troll Monk)                  Turns: 2105, Time: 00:07:42

Health: -9/61      AC:  9    Str: 22    XL:     6   Next: 35%
Magic:  5/5        EV: 10    Int: 11    God:
Gold:   196        SH:  0    Dex: 12    Spells: 5/5 levels left

rFire    . . .     SeeInvis .     - Unarmed
rCold    . . .     Gourm    +   (no shield)
rNeg     . . .     Faith    .   a - +0 robe
rPois    .         Spirit   .   (helmet restricted)
rElec    .         Reflect  .   (no cloak)
rCorr    .         Harm     +   (gloves unavailable)
MR       .....                  (boots unavailable)
Stlth    ++........             l - amulet of harm
HPRegen  0.60/turn              c - +4 ring of protection
MPRegen  0.09/turn              h - +5 ring of intelligence

@: lethally poisoned (-9 -> -10)
A: large, unfitting armour, claws 3, fast metabolism 3, gourmand, regeneration
1, shaggy fur 1, tough skin 2
a: no special abilities


You were on level 4 of the Dungeon.
You were not hungry.

You visited 1 branch of the dungeon, and saw 4 of its levels.

You collected 196 gold pieces.

Inventory:

Armour
 a - a +0 robe (worn)
Jewellery
 c - a +4 ring of protection (left claw)
 h - a +5 ring of intelligence (right claw)
 l - an amulet of harm (around neck)
Scrolls
 j - 3 scrolls of remove curse
 k - 2 scrolls of fog
 m - a scroll of identify
Potions
 d - 2 potions of lignification
 i - a potion of ambrosia
 n - a potion of might {unknown}
Comestibles
 b - 8 rations


   Skills:
 + Level 3.5 Fighting
 * Level 3.5 Armour
 - Level 2.4 Dodging
 - Level 1.1 Stealth
 + Level 4.5 Unarmed Combat


You had 5 spell levels left.
You didn't know any spells.

Dungeon Overview and Level Annotations

Branches:
Dungeon (4/15)
 Temple: D:4-7

Altars:

Annotations:
D:4 Dowan, Duvessa


Innate Abilities, Weirdness & Mutations

You are too large for most types of armour.
You have claws for hands.
Your metabolism is lightning-fast.
You like to eat raw meat.
Your natural rate of healing is unusually fast.
You are covered in fur. (AC +1)
You have very tough skin. (AC +2)


Message History

You feel sick. The phantom hits you.
* * * LOW HITPOINT WARNING * * *
You miss the phantom. The phantom hits you.
* * * LOW HITPOINT WARNING * * *
The phantom blinks!
You feel sick. The phantom barely misses you.
You feel sick. The phantom hits you.
* * * LOW HITPOINT WARNING * * *
The phantom blinks!
Duvessa hits you but does no damage.
You feel sick.
The phantom blinks!
Duvessa hits you with a short sword.
* * * LOW HITPOINT WARNING * * *
Dowan, Brother of Duvessa comes into view.
He is wielding a dagger.
You feel sick.
Dowan shouts!
Dowan says, "Magic and the sword, together, will defeat you."
Dowan gestures at you while chanting. The puff of frost hits you!
You die...

**,*,****,,,,,,,,
*,,,,,,,,*****,, **,,***,,***,,,,
* ***** ##### *,,,,,,,**,,*,, **
**,,,** ##...##*,,***,***,,*,,
,***,,,,,*##.....##,,,,,,,**,**,,
,,*,,,,,,,#...)...#,,,******,,,,<
,,*,,,,,,,#......e#,,,,,,* ******
,,*,,,,,,,#..§..@.#,,***,* *
,***,,,,,*##..§..##,,,**,********
** **,,,** ##..§##*,,,**,,,,,,,,,
******'*****##e##**,,,***********
,,,,,,,..l.a.a....h...*
,,,,,,,............#<#*******
,,,,,,,...............,,,,,,*****
******'#######'####..#*****,**,,,
** **,,,** **...***,.# *,**,**


You could see Duvessa, Dowan and a worker ant.

Vanquished Creatures
  Edmund (D:4)
  A centaur (D:2)
  Jessica (D:2)
  4 adders (D:2)
  An ooze (D:3)
  2 worms
  3 leopard geckos
  6 orcs
  7 bats
  5 giant cockroaches
  9 goblins
  11 hobgoblins
  8 kobolds
  2 quokkas (D:2)
  3 ball pythons
  5 frilled lizards
  10 rats
79 creatures vanquished.

Notes
Turn   | Place    | Note
-------+----------+-------------------------------------------
     0 | D:1      | scanevaro the Troll Monk began the quest for the Orb.
     0 | D:1      | Reached XP level 1. HP: 22/22 MP: 0/0
     6 | D:1      | Noticed a lindwurm
     6 | D:1      | Noticed a hog
     6 | D:1      | Noticed a black bear
     6 | D:1      | Noticed a salamander
   118 | D:1      | Reached XP level 2. HP: 29/29 MP: 1/1
   202 | D:1      | Reached skill level 1 in Armour
   629 | D:2      | Noticed Jessica
   633 | D:2      | Reached XP level 3. HP: 31/36 MP: 2/2
   636 | D:2      | Killed Jessica
   651 | D:2      | Reached XP level 4. HP: 41/44 MP: 3/3
   745 | D:2      | Noticed a centaur
   753 | D:2      | Killed a centaur
   753 | D:2      | Reached XP level 5. HP: 39/53 MP: 4/4
  2068 | D:4      | Noticed Edmund
  2068 | D:4      | Noticed Duvessa
  2073 | D:4      | Noticed a phantom
  2097 | D:4      | Killed Edmund
  2097 | D:4      | Reached skill level 4 in Unarmed Combat
  2097 | D:4      | Reached XP level 6. HP: 12/61 MP: 5/5
  2103 | D:4      | HP: 3/61 [Duvessa/short sword (4)]
  2104 | D:4      | Noticed Dowan
  2105 | D:4      | Killed from afar by Dowan

Vault maps used:
D:1:      onia_arrival_zoo_common
D:2:      first_ration, uniq_jessica
D:3:      cheibrodos_helix_gallery
D:4:      kennysheep_six_static_rooms, cheibriados_altar_1, uniq_edmund,
          uniq_eustachio, uniq_duvessa, uniq_grinder

Skill      XL: |  1  2  3  4  5 |
---------------+----------------+-----
Armour         | 1 2 3 |  3.5
Fighting       | 3 |  3.5
Unarmed Combat | 4 |  4.5
Dodging        | |  2.4
Stealth        | |  1.1

Action                   |  1- 3 |  4- 6 || total
-------------------------+-------+-------++-------
Melee: Unarmed           |    68 |   132 ||   200
       Punch             |       |     1 ||     1
  Use: Scroll            |       |     7 ||     7
       Potion            |       |     5 ||     5
 Stab: Sleeping          |       |     4 ||     4
  Eat: Chunk             |     5 |    15 ||    20
Armor: Robe              |    35 |    54 ||    89
Dodge: Dodged            |    44 |    72 ||   116

Table legend:
 A = Spawn XP
 B = Non-spawn XP
 C = Spawn XP percentage of total XP
 D = Spawn monster count
 E = Non-spawn monster count
 F = Spawn count percentage of total count
 G = Total turns spent on level
                    A         B        C        D         E        F      G
               +---------+---------+-------+---------+---------+-------+---------
         Total |       0 |     504 |   0.0 |       0 |      79 |   0.0 |  2105
               +---------+---------+-------+---------+---------+-------+---------
           D:1 |       0 |      34 |   0.0 |       0 |      19 |   0.0 |   626
           D:2 |       0 |     256 |   0.0 |       0 |      33 |   0.0 |   681
           D:3 |       0 |      53 |   0.0 |       0 |      25 |   0.0 |   752
           D:4 |       0 |     161 |   0.0 |       0 |       2 |   0.0 |    46
               +---------+---------+-------+---------+---------+-------+---------
